 Dungeon Crawl Stone Soup version 0.21.1-1-g345015f (webtiles) character file.

6402 HammerPanzer the Bludgeoner (level 10, -3/96 HPs)
             Began as a Minotaur Berserker on Mar 30, 2018.
             Was a High Priest of Trog.
             Shot with a bolt by an orc warrior (8 damage)
             ... in a bailey.
             The game lasted 00:32:40 (8641 turns).

HammerPanzer the Bludgeoner (Minotaur Berserker)    Turns: 8641, Time: 00:32:40

Health: -3/96      AC: 16    Str: 24    XL:     10   Next: 66%
Magic:  9/9        EV:  7    Int:  6    God:    Trog [*****.]
Gold:   217        SH:  0    Dex:  9    Spells: 9/9 levels left

rFire    + . .     SeeInvis .   C - +4 flail
rCold    + + .     Gourm    .   (no shield)
rNeg     . . .     Faith    .   x - +2 plate armour {rC+}
rPois    +         Spirit   .   (helmet restricted)
rElec    +         Reflect  .   (no cloak)
rCorr    +         Harm     .   D - +2 pair of gloves
MR       .....                  (no boots)
Stlth    ..........             (no amulet)
HPRegen  0.26/turn              E - ring of resist corrosion
MPRegen  0.11/turn              (no ring)

@: resistant, berserk cooldown, hasted, very quick
A: retaliatory headbutt, horns 2
a: Berserk, Trog's Hand, Brothers in Arms, Burn Spellbooks, Renounce Religion


You were in a bailey.
You worshipped Trog.
Trog was extremely pleased with you.
You were not hungry.

You visited 2 branches of the dungeon, and saw 10 of its levels.
You also visited: Ossuary and Bailey.

You collected 573 gold pieces.
You spent 356 gold pieces at shops.

Inventory:

Hand Weapons
 C - a +4 flail (weapon)
Armour
 w - a +2 scale mail of magic resistance
 x - a +2 plate armour of cold resistance (worn)
 D - a +2 pair of gloves (worn)
 G - a +0 troll leather armour
Jewellery
 E - a ring of resist corrosion (left hand)
Wands
 b - a wand of iceblast (6)
 q - a wand of acid (18)
 r - a wand of digging (13)
Scrolls
 a - 6 scrolls of teleportation
 e - a scroll of fog
 j - a scroll of immolation {unknown}
 o - 3 scrolls of remove curse
 t - 2 scrolls of enchant armour {unknown}
 u - 2 scrolls of magic mapping
 y - a scroll of blinking {unknown}
 A - 2 scrolls of identify
 F - a scroll of summoning {unknown}
Potions
 g - 5 potions of flight
 i - a potion of berserk rage {unknown}
 k - 2 potions of mutation
 l - 4 potions of resistance
 m - 6 potions of curing
 n - a potion of brilliance {unknown}
 p - 2 potions of cancellation
 v - 2 potions of agility {unknown}
 z - a potion of might {unknown}
Books
 d - a book of Callings

   Spells                             Type                      Level
   a - Summon Small Mammal            Summoning                    1
   b - Call Imp                       Summoning                    2
   c - Call Canine Familiar           Summoning                    3
   d - Summon Guardian Golem          Hexes/Summoning              3
   e - Summon Lightning Spire         Summoning/Air                4
   f - Summon Ice Beast               Ice/Summoning                4
   Trog disapproves of the use of such an item.
 h - a book of Battle

   Spells                             Type                      Level
   a - Infusion                       Charms                       1
   b - Shroud of Golubria             Charms/Translocation         2
   c - Song of Slaying                Charms                       2
   d - Spectral Weapon                Hexes/Charms                 3
   e - Regeneration                   Charms/Necromancy            3
   Trog disapproves of the use of such an item.
 H - a book of Necromancy

   Spells                             Type                      Level
   a - Pain                           Necromancy                   1
   b - Animate Skeleton               Necromancy                   1
   c - Vampiric Draining              Necromancy                   3
   d - Regeneration                   Charms/Necromancy            3
   e - Animate Dead                   Necromancy                   4
   f - Borgnjor's Vile Clutch         Necromancy/Earth             5
   Trog disapproves of the use of such an item.
Comestibles
 c - 12 rations
 B - 2 chunks of flesh


   Skills:
 + Level 11.6 Fighting
 * Level 15.3 Maces & Flails
 - Level 2.4 Armour
 - Level 2.1 Dodging


You had 9 spell levels left.
You didn't know any spells.

Dungeon Overview and Level Annotations

Branches:
Dungeon (9/15)             Temple (1/1) D:7
   Lair: D:8-11         Orc: D:9-12

Altars:
Ashenzari
Cheibriados
Dithmenos
Elyvilon
Fedhas
Gozag
Hepliaklqana
Kikubaaqudgha
Makhleb
Nemelex Xobeh
Okawaru
Qazlal
Ru
Sif Muna
Trog
Uskayaw
Vehumet
Wu Jian
Xom
Yredelemnul
Zin
The Shining One

Shops:
D:5 ?   D:7 *   D:8 *


Innate Abilities, Weirdness & Mutations

You reflexively headbutt those who attack you in melee.
You have a pair of horns on your head.


Message History

The orc completely misses you.
The orc warrior wields an uncursed arbalest.
The orc warrior shoots a bolt.
The bolt hits you!!
The orc warrior unwields an uncursed arbalest.
The orc warrior hits you!!
* * * LOW HITPOINT WARNING * * *
You see here a bolt.
You sock the orc warrior!
The orc warrior is heavily wounded.
You closely miss the orc warrior.
The orc warrior is heavily wounded.
The orc knight roars a battlecry!
The orc warrior goes into a battle-frenzy!
The orc hits you from afar with a halberd.
* * * LOW HITPOINT WARNING * * *
You thump the orc warrior!
The orc warrior is severely wounded.
The orc warrior hits you but does no damage.
The orc warrior shoots a bolt.
The bolt hits you!
You die...

### ##∩## #.((#
#@.o#
≈≈o≈≈.o..(..≈≈o
≈.oo≈.o...o.≈oo
≈≈o≈≈.......≈≈o≈
.≈≈≈..#...#..≈≈≈
.....##...##....
##### ##∩## ####
##


You could see an orc knight, 7 orc warriors and 4 orcs.

Vanquished Creatures
  A two-headed ogre (D:9)
  An ugly thing (D:8)
  A hornet (D:9)
  A troll (D:8)
  A human (D:7)
  2 yaks (D:7)
  2 hogs (D:7)
  3 orc warriors
  2 ice beasts
  3 ogres
  5 centaurs
  2 phantoms (D:7)
  A necrophage (D:4)
  An elf zombie (Ossuary)
  A big kobold (D:7)
  4 bullfrogs
  2 elf skeletons (D:5)
  4 scorpions
  4 killer bees (D:7)
  4 wights (D:7)
  2 howler monkeys (D:6)
  A bullfrog zombie (D:7)
  3 crimson imps
  6 hounds
  4 human zombies
  A jelly (D:7)
  A quasit (D:7)
  3 orc priests
  3 centaur zombies
  A human skeleton (D:5)
  3 iguanas
  5 worker ants
  A centaur skeleton (D:5)
  10 orc wizards
  Natasha (thrice) (D:2 D:3)
  2 big kobold zombies (Ossuary)
  2 hound skeletons
  2 mummies (Ossuary)
  A worker ant zombie (D:6)
  13 gnolls
  9 adders
  3 shadow imps
  An ooze (D:1)
  An adder zombie (Ossuary)
  An adder skeleton (D:9)
  4 worms
  4 leopard geckos
  19 orcs
  2 ball pythons (D:1)
  5 giant cockroaches
  11 goblins
  6 hobgoblins
  2 jackals (D:6)
  4 quokkas
  11 bats
  6 frilled lizards
  10 hobgoblin zombies (Ossuary)
  4 jackal zombies (Ossuary)
  7 kobolds
  7 kobold zombies (Ossuary)
  A leopard gecko skeleton (D:4)
  10 orc zombies
  4 rats
244 creatures vanquished.

Notes
Turn   | Place    | Note
-------+----------+-------------------------------------------
     0 | D:1      | HammerPanzer the Minotaur Berserker began the quest for the Orb.
     0 | D:1      | Reached XP level 1. HP: 19/19 MP: 0/0
    14 | D:1      | Reached skill level 4 in Maces & Flails
   198 | D:1      | Reached XP level 2. HP: 20/27 MP: 1/1
   648 | D:1      | Reached XP level 3. HP: 33/33 MP: 2/2
   933 | D:1      | You fall through a shaft!
   949 | D:2      | Reached skill level 5 in Maces & Flails
   987 | D:2      | Reached XP level 4. HP: 35/41 MP: 3/3
  1062 | D:2      | Noticed a dagger
  1063 | D:2      | Noticed a hand axe
  1066 | D:2      | Found a hide-covered altar of Uskayaw.
  1252 | D:2      | Noticed Natasha
  1257 | D:2      | Killed Natasha
  1257 | D:2      | Reached ** piety under Trog
  1595 | D:2      | Noticed Natasha
  1597 | D:2      | Killed Natasha
  1597 | D:2      | Reached skill level 6 in Maces & Flails
  1597 | D:2      | Reached XP level 5. HP: 47/47 MP: 4/4
  1687 | D:2      | Found a bloodstained altar of Trog.
  2143 | D:3      | Found a snail-covered altar of Cheibriados.
  2171 | D:3      | Reached skill level 5 in Fighting
  2810 | D:3      | Noticed Natasha
  2815 | D:3      | Killed Natasha
  3094 | D:3      | Found a basalt altar of Yredelemnul.
  3217 | D:3      | Found an opulent altar of Gozag.
  3425 | D:4      | Found a glowing silver altar of Zin.
  3469 | D:4      | Reached skill level 7 in Maces & Flails
  3469 | D:4      | Reached XP level 6. HP: 36/56 MP: 5/5
  3753 | D:4      | Reached *** piety under Trog
  3834 | D:3      | Reached skill level 8 in Maces & Flails
  3999 | D:4      | Reached XP level 7. HP: 33/64 MP: 6/6
  4193 | D:4      | Found a shadowy altar of Dithmenos.
  4200 | D:4      | Found a glowing golden altar of the Shining One.
  4203 | D:4      | Found a radiant altar of Vehumet.
  4321 | D:5      | Entered Level 5 of the Dungeon
  4347 | D:5      | Found an ornate altar of the Wu Jian Council.
  4368 | D:5      | Found Yghuyl's Magic Scroll Boutique.
  4484 | D:5      | Reached skill level 9 in Maces & Flails
  4588 | D:5      | Reached XP level 8. HP: 60/73 MP: 7/7
  4622 | D:5      | Reached skill level 10 in Maces & Flails
  4638 | D:5      | Found a sand-covered staircase.
  4720 | Ossuary  | Entered an ossuary
  4859 | Ossuary  | Reached **** piety under Trog
  5348 | D:5      | Reached skill level 11 in Maces & Flails
  6001 | D:6      | Reached ***** piety under Trog
  6008 | D:6      | Reached XP level 9. HP: 69/82 MP: 8/8
  6174 | D:6      | Reached skill level 12 in Maces & Flails
  6315 | D:6      | Found a shimmering altar of Xom.
  6315 | D:6      | Found a blossoming altar of Fedhas.
  6587 | D:7      | Received a gift from Trog
  6762 | D:7      | Found Tinn's Assorted Antiques.
  6794 | D:7      | Bought a scroll of remove curse for 69 gold pieces
  6794 | D:7      | Bought a pair of glowing gloves for 172 gold pieces
  6794 | D:7      | Bought a cabochon ring for 115 gold pieces
  6858 | D:7      | Reached skill level 13 in Maces & Flails
  6861 | D:7      | Reached skill level 10 in Fighting
  7049 | D:7      | Found a staircase to the Ecumenical Temple.
  7150 | Temple   | Entered the Ecumenical Temple
  7348 | D:7      | Found a sacrificial altar of Ru.
  7383 | D:7      | Reached XP level 10. HP: 90/94 MP: 9/9
  7419 | D:7      | Reached skill level 14 in Maces & Flails
  7543 | D:7      | Found a hazy altar of Hepliaklqana.
  7799 | D:8      | Noticed a cyan ugly thing
  7813 | D:8      | Killed a cyan ugly thing
  7822 | D:8      | Found Tatoroeg's General Store.
  8379 | D:9      | Noticed a two-headed ogre
  8384 | D:9      | Killed a two-headed ogre
  8384 | D:9      | Reached skill level 15 in Maces & Flails
  8615 | D:9      | Found a flagged portal.
  8628 | Bailey   | Entered a bailey
  8628 | Bailey   | Noticed an orc knight
  8641 | Bailey   | Shot with a bolt by an orc warrior

Skill      XL: |  1  2  3  4  5  6  7  8  9 10 |
---------------+-------------------------------+-----
Maces & Flails | 4 5 6 7 8 9 11 13 15 | 15.3
Fighting       | 4 5 6 7 8 10 11 | 11.6
Armour         | |  2.4
Dodging        | |  2.1

Action                   |  1- 3 |  4- 6 |  7- 9 | 10-12 || total
-------------------------+-------+-------+-------+-------++-------
Melee: Mace              |    77 |    39 |       |       ||   116
       Headbutt          |    10 |    30 |    76 |    28 ||   144
       Flail             |       |   131 |   387 |   111 ||   629
Invok: Berserk           |       |     3 |     8 |     2 ||    13
       Brothers in Arms  |       |       |       |     1 ||     1
  Use: Scroll            |       |       |    11 |     2 ||    13
       Potion            |       |       |       |     4 ||     4
  Eat: Chunk             |       |    13 |    11 |     3 ||    27
       Ration            |       |       |     2 |     1 ||     3
Armor: Animal skin       |     2 |       |       |       ||     2
       Leather armour    |     5 |       |       |       ||     5
       Chain mail        |    22 |    76 |    89 |       ||   187
       Plate armour      |       |       |    38 |    65 ||   103
       Scale mail        |       |       |    11 |       ||    11
Dodge: Dodged            |    48 |    70 |   124 |    40 ||   282
